[ AOE2 MATCH · #478486591 ]
UnrankedSicilians vs Cumans
[ REPLAY ANALYSIS · EXTRACTED FROM THE RECORDED GAME ]
Feudal
9:48
Castle
26:53
Imperial
—
| APM avg | 32.6 |
| APM peak | 63 |
| eAPM avg | 18.3 |
| Villagers / military | 82 / 38 |
Focus
⚔️ 34.6% · 🌾 65.4%
Archer ×14 · Serjeant ×11 · Knight ×10 · Battering Ram ×3
Feudal
9:01
Castle
24:23
Imperial
—
| APM avg | 50.4 |
| APM peak | 76 |
| eAPM avg | 18.7 |
| Villagers / military | 53 / 43 |
Focus
⚔️ 32.6% · 🌾 67.4%
Archer ×37 · Mangonel ×3 · Monk ×2 · Spearman ×1
Feudal
9:31
Castle
24:09
Imperial
—
| APM avg | 42.1 |
| APM peak | 72 |
| eAPM avg | 22.7 |
| Villagers / military | 108 / 52 |
Focus
⚔️ 18.2% · 🌾 81.8%
Skirmisher ×26 · Knight ×18 · Camel Scout ×6 · Monk ×2
Feudal
10:40
Castle
27:00
Imperial
—
| APM avg | 23.7 |
| APM peak | 57 |
| eAPM avg | 11.1 |
| Villagers / military | 81 / 11 |
Focus
⚔️ 17.4% · 🌾 82.6%
Militia ×6 · Teutonic Knight ×5
Match map
Initial resources + every placement click. Lines = walls · curves = elevation contours. ◆ gold · ⬟ stone · ● berries · ✦ relic · ◌ wall gap
Your base· ✓ Closed at 26:53 · 27t walls · 2 gate(s)
Rey Seba's base· ✓ Closed at 24:23 · 4t walls · 4 gate(s)
Keega's base· ✓ Closed at 24:09 · 25t walls · 2 gate(s)
whyUniqueNames's base· ✓ Closed at 27:00 · 15t walls · 2 gate(s)
Smoothed initial terrain · ◌ = detected wall gap · hover for details
Inputs per minute
— Uhtred_of_Bebbamburg - - Rey Seba
Build order — Uhtred_of_Bebbamburg
First 150 of 215 actions detected
| 0:02 | Build | House |
| 0:03 | Create | Villager (Male) |
| 0:04 | Create | Villager (Male) |
| 0:08 | Create | Villager (Male) |
| 0:08 | Create | Villager (Male) |
| 0:10 | Build | House |
| 1:35 | Create | Villager (Male) |
| 1:35 | Create | Villager (Male) |
| 2:00 | Build | Lumber Camp |
| 2:04 | Create | Villager (Male) |
| 2:26 | Create | Villager (Male) |
| 2:56 | Create | Villager (Male) |
| 3:20 | Create | Villager (Male) |
| 3:20 | Create | Villager (Male) |
| 3:36 | Build | House |
| 3:39 | Create | Villager (Male) |
| 3:40 | Create | Villager (Male) |
| 3:40 | Create | Villager (Male) |
| 4:04 | Create | Villager (Male) |
| 4:04 | Create | Villager (Male) |
| 4:50 | Create | Villager (Male) |
| 4:50 | Create | Villager (Male) |
| 5:09 | Create | Villager (Male) |
| 5:18 | Build | Mining Camp |
| 5:28 | Create | Villager (Male) |
| 5:31 | Research | Loom |
| 6:05 | Create | Villager (Male) |
| 6:06 | Research | Loom |
| 6:25 | Create | Villager (Male) |
| 6:48 | Build | Mill |
| 7:38 | Research | Feudal Age |
| 8:04 | Build | Mining Camp |
| 8:14 | Build | House |
| 8:30 | Create | Villager (Male) |
| 8:40 | Create | Villager (Male) |
| 8:41 | Create | Villager (Male) |
| 8:55 | Build | House |
| 9:20 | Create | Villager (Male) |
| 9:48 | Age | Feudal Age |
| 9:51 | Research | Town Watch |
| 10:09 | Build | Donjon |
| 10:18 | Create | Villager (Male) |
| 10:18 | Create | Villager (Male) |
| 10:18 | Create | Villager (Male) |
| 10:19 | Create | Villager (Male) |
| 10:31 | Build | Blacksmith |
| 10:43 | Build | Palisade Wall |
| 10:44 | Build | Palisade Wall |
| 10:45 | Build | Palisade Wall |
| 10:46 | Build | Palisade Wall |
| 10:47 | Build | Palisade Wall |
| 11:00 | Create | Villager (Male) |
| 11:00 | Create | Villager (Male) |
| 11:01 | Create | Villager (Male) |
| 11:21 | Research | Fletching |
| 11:41 | Create | Serjeant |
| 11:42 | Create | Serjeant |
| 11:42 | Create | Serjeant |
| 11:56 | Create | Villager (Male) |
| 12:03 | Build | Barracks |
| 12:14 | Create | Serjeant |
| 12:26 | Build | House |
| 12:35 | Create | Serjeant |
| 12:35 | Create | Serjeant |
| 12:43 | Build | Donjon |
| 12:48 | Create | Serjeant |
| 12:50 | Create | Villager (Male) |
| 12:51 | Create | Villager (Male) |
| 12:53 | Build | House |
| 13:30 | Create | Villager (Male) |
| 13:30 | Create | Villager (Male) |
| 13:46 | Build | Donjon |
| 13:51 | Build | House |
| 13:55 | Create | Serjeant |
| 13:55 | Create | Serjeant |
| 14:11 | Build | Mill |
| 14:23 | Create | Serjeant |
| 14:24 | Create | Serjeant |
| 14:46 | Build | Donjon |
| 14:53 | Build | House |
| 14:58 | Create | Villager (Male) |
| 14:59 | Create | Villager (Male) |
| 15:37 | Build | House |
| 15:53 | Create | Villager (Male) |
| 15:53 | Create | Villager (Male) |
| 16:02 | Build | House |
| 16:07 | Build | Farm |
| 16:07 | Build | Farm |
| 16:08 | Build | Farm |
| 16:08 | Build | Farm |
| 16:11 | Create | Villager (Male) |
| 17:03 | Create | Villager (Male) |
| 17:03 | Create | Villager (Male) |
| 17:05 | Build | Farm |
| 17:09 | Build | Farm |
| 17:44 | Build | Donjon |
| 17:48 | Create | Villager (Male) |
| 17:49 | Create | Villager (Male) |
| 17:56 | Build | Farm |
| 18:00 | Build | Farm |
| 18:05 | Build | Farm |
| 18:07 | Build | Farm |
| 18:15 | Create | Villager (Male) |
| 18:15 | Create | Villager (Male) |
| 18:15 | Create | Villager (Male) |
| 18:56 | Create | Villager (Male) |
| 18:56 | Create | Villager (Male) |
| 19:16 | Create | Villager (Male) |
| 19:16 | Create | Villager (Male) |
| 19:28 | Build | Archery Range |
| 19:39 | Build | Mill |
| 19:41 | Create | Villager (Male) |
| 19:41 | Create | Villager (Male) |
| 19:41 | Create | Villager (Male) |
| 19:44 | Build | Farm |
| 20:23 | Create | Villager (Male) |
| 20:23 | Create | Villager (Male) |
| 20:23 | Create | Villager (Male) |
| 20:32 | Create | Archer |
| 20:33 | Create | Archer |
| 20:36 | Create | Archer |
| 20:38 | Build | House |
| 20:44 | Create | Villager (Male) |
| 21:01 | Build | Lumber Camp |
| 21:22 | Create | Archer |
| 21:23 | Build | House |
| 21:56 | Build | Stone Wall |
| 21:58 | Build | Stone Wall |
| 22:04 | Create | Villager (Male) |
| 22:05 | Create | Villager (Male) |
| 22:08 | Research | Double-Bit Axe |
| 22:09 | Research | Horse Collar |
| 22:16 | Create | Archer |
| 22:20 | Build | House |
| 22:35 | Build | Donjon |
| 22:42 | Create | Archer |
| 22:43 | Create | Villager (Male) |
| 22:44 | Create | Villager (Male) |
| 22:50 | Build | House |
| 22:59 | Build | Market |
| 23:49 | Create | Archer |
| 23:49 | Create | Archer |
| 23:53 | Build | Stable |
| 24:05 | Research | Castle Age |
| 24:52 | Create | Archer |
| 24:56 | Research | Bloodlines |
| 25:00 | Build | Stable |
| 25:08 | Create | Archer |
| 25:31 | Build | House |
| 25:36 | Research | Scale Barding Armor |
Build order — Rey Seba
First 150 of 152 actions detected
| 0:01 | Create | Villager (Male) |
| 0:02 | Create | Villager (Male) |
| 0:02 | Build | House |
| 0:03 | Build | House |
| 0:10 | Create | Villager (Male) |
| 0:19 | Create | Villager (Male) |
| 1:40 | Create | Villager (Male) |
| 2:03 | Create | Villager (Male) |
| 2:32 | Create | Villager (Male) |
| 2:42 | Create | Villager (Male) |
| 3:26 | Create | Villager (Male) |
| 3:47 | Create | Villager (Male) |
| 3:55 | Create | Villager (Male) |
| 4:07 | Build | House |
| 4:11 | Build | Lumber Camp |
| 4:19 | Create | Villager (Male) |
| 4:36 | Build | Mill |
| 4:58 | Create | Villager (Male) |
| 5:10 | Build | Mill |
| 5:27 | Create | Villager (Male) |
| 5:35 | Build | House |
| 6:01 | Create | Villager (Male) |
| 6:07 | Research | Loom |
| 6:49 | Research | Feudal Age |
| 7:43 | Build | Barracks |
| 9:01 | Build | Palisade Gate |
| 9:01 | Age | Feudal Age |
| 9:20 | Build | House |
| 9:23 | Create | Villager (Male) |
| 9:33 | Build | Archery Range |
| 9:34 | Create | Villager (Male) |
| 9:37 | Create | Spearman |
| 9:43 | Create | Villager (Male) |
| 9:51 | Build | Market |
| 9:55 | Create | Villager (Male) |
| 10:12 | Create | Villager (Male) |
| 10:17 | Create | Villager (Male) |
| 10:27 | Create | Archer |
| 10:51 | Build | Mining Camp |
| 10:57 | Build | Archery Range |
| 11:04 | Create | Villager (Male) |
| 11:14 | Create | Villager (Male) |
| 11:21 | Build | House |
| 11:49 | Create | Archer |
| 11:59 | Create | Archer |
| 12:11 | Create | Archer |
| 12:12 | Build | House |
| 12:18 | Create | Villager (Male) |
| 12:32 | Create | Archer |
| 12:32 | Create | Archer |
| 13:03 | Build | Blacksmith |
| 13:08 | Build | Palisade Wall |
| 13:19 | Create | Villager (Male) |
| 13:22 | Create | Archer |
| 13:22 | Create | Archer |
| 13:45 | Build | Palisade Gate |
| 13:47 | Research | Fletching |
| 14:14 | Create | Archer ×5 |
| 14:20 | Build | House |
| 14:37 | Build | House |
| 14:46 | Create | Villager (Male) |
| 14:47 | Build | Farm |
| 14:55 | Build | Farm |
| 15:14 | Build | House |
| 15:37 | Create | Villager (Male) |
| 15:39 | Create | Archer |
| 15:39 | Create | Archer |
| 16:10 | Research | Padded Archer Armor |
| 16:12 | Create | Archer |
| 16:23 | Create | Villager (Male) |
| 16:55 | Build | Farm |
| 16:55 | Build | Farm |
| 16:55 | Build | Farm |
| 16:56 | Build | Farm |
| 16:56 | Build | Farm |
| 16:56 | Build | Farm |
| 16:57 | Build | Farm |
| 16:59 | Research | Double-Bit Axe |
| 17:20 | Create | Archer ×3 |
| 17:48 | Create | Archer |
| 17:48 | Create | Archer |
| 17:48 | Create | Villager (Male) |
| 17:53 | Create | Archer ×5 |
| 18:52 | Create | Villager (Male) |
| 19:08 | Create | Villager (Male) |
| 19:12 | Research | Wheelbarrow |
| 19:17 | Create | Villager (Male) |
| 19:19 | Build | House |
| 19:21 | Build | House |
| 19:22 | Build | House |
| 19:28 | Create | Villager (Male) |
| 19:36 | Create | Archer |
| 19:36 | Create | Archer |
| 20:10 | Build | House |
| 20:22 | Build | Farm |
| 20:39 | Build | Farm |
| 20:39 | Build | Farm |
| 20:53 | Build | Mill |
| 21:17 | Build | Farm |
| 21:20 | Build | Farm |
| 21:43 | Research | Castle Age |
| 22:42 | Build | Palisade Wall |
| 22:49 | Create | Archer |
| 22:50 | Create | Archer |
| 22:56 | Build | House |
| 23:00 | Create | Villager (Male) |
| 23:03 | Create | Villager (Male) |
| 23:29 | Build | House |
| 24:01 | Build | House |
| 24:23 | Age | Castle Age |
| 24:24 | Build | Farm |
| 24:24 | Build | Farm |
| 24:26 | Research | Crossbowman (upgrade) |
| 24:28 | Research | Bodkin Arrow |
| 24:33 | Build | University |
| 24:36 | Build | Siege Workshop |
| 24:39 | Create | Villager (Male) |
| 24:49 | Create | Villager (Male) |
| 25:08 | Research | Leather Archer Armor |
| 25:13 | Research | Horse Collar |
| 25:15 | Research | Ballistics |
| 25:55 | Create | Archer ×2 |
| 26:50 | Create | Mangonel |
| 27:04 | Create | Villager (Male) |
| 27:05 | Create | Villager (Male) |
| 27:06 | Build | Farm |
| 27:42 | Create | Villager (Male) |
| 27:55 | Create | Villager (Male) |
| 27:58 | Build | House |
| 27:58 | Create | Villager (Male) |
| 27:58 | Create | Villager (Male) |
| 27:59 | Create | Villager (Male) |
| 28:08 | Research | Thumb Ring |
| 28:09 | Create | Villager (Male) |
| 28:10 | Create | Villager (Male) |
| 28:16 | Build | Farm |
| 28:33 | Build | House |
| 28:34 | Create | Villager (Male) |
| 28:45 | Create | Villager (Male) |
| 28:50 | Build | Monastery |
| 29:05 | Create | Villager (Male) |
| 29:06 | Create | Villager (Male) |
| 29:20 | Create | Villager (Male) |
| 29:36 | Create | Monk |
| 29:41 | Build | House |
| 29:41 | Create | Monk |
| 29:45 | Create | Mangonel |
| 29:47 | Create | Villager (Male) |
| 29:48 | Create | Villager (Male) |
| 30:34 | Build | House |
Build order — Keega
First 150 of 284 actions detected
| 0:00 | Create | Villager (Male) |
| 0:02 | Build | House |
| 0:03 | Build | House |
| 0:05 | Create | Villager (Male) |
| 0:05 | Create | Villager (Male) |
| 0:05 | Create | Villager (Male) |
| 1:29 | Create | Villager (Male) |
| 1:45 | Build | Lumber Camp |
| 1:50 | Build | Lumber Camp |
| 2:15 | Create | Villager (Male) |
| 2:15 | Create | Villager (Male) |
| 2:16 | Create | Villager (Male) |
| 2:55 | Create | Villager (Male) |
| 3:17 | Create | Villager (Male) |
| 3:57 | Create | Villager (Male) |
| 3:58 | Create | Villager (Male) |
| 4:10 | Build | House |
| 4:21 | Create | Villager (Male) |
| 4:51 | Create | Villager (Male) |
| 4:57 | Build | Mill |
| 5:10 | Build | Mill |
| 5:13 | Create | Villager (Male) |
| 5:36 | Create | Villager (Male) |
| 6:22 | Create | Villager (Male) |
| 6:28 | Create | Villager (Male) |
| 7:21 | Research | Feudal Age |
| 8:03 | Create | Villager (Male) |
| 8:06 | Research | Loom |
| 8:28 | Build | House |
| 9:14 | Build | Palisade Wall |
| 9:25 | Create | Villager (Male) |
| 9:31 | Age | Feudal Age |
| 9:41 | Build | Town Center |
| 9:56 | Build | Palisade Wall |
| 10:09 | Create | Villager (Male) |
| 10:11 | Research | Double-Bit Axe |
| 10:21 | Build | Farm |
| 10:28 | Build | Farm |
| 10:38 | Create | Villager (Male) |
| 10:58 | Build | House |
| 11:05 | Research | Horse Collar |
| 11:13 | Create | Villager (Male) |
| 11:41 | Create | Villager (Male) |
| 11:45 | Create | Villager (Male) |
| 11:45 | Create | Villager (Male) |
| 11:54 | Build | Farm |
| 11:56 | Build | Farm |
| 12:03 | Build | Farm |
| 12:28 | Create | Villager (Male) |
| 12:28 | Create | Villager (Male) |
| 12:32 | Build | Farm |
| 12:36 | Build | Farm |
| 12:38 | Create | Villager (Male) |
| 12:38 | Create | Villager (Male) |
| 12:41 | Build | Farm |
| 13:06 | Create | Villager (Male) |
| 13:06 | Create | Villager (Male) |
| 13:10 | Build | Farm |
| 13:13 | Build | Farm |
| 13:16 | Build | Farm |
| 13:30 | Create | Villager (Male) |
| 13:31 | Create | Villager (Male) |
| 13:34 | Build | Farm |
| 13:39 | Build | House |
| 13:58 | Build | House |
| 14:21 | Build | Market |
| 14:27 | Create | Villager (Male) |
| 14:27 | Create | Villager (Male) |
| 14:27 | Create | Villager (Male) |
| 14:28 | Create | Villager (Male) |
| 14:29 | Create | Villager (Male) |
| 14:31 | Build | Farm |
| 15:02 | Build | Barracks |
| 15:12 | Create | Villager (Male) |
| 15:12 | Create | Villager (Male) |
| 15:23 | Build | House |
| 15:25 | Build | House |
| 15:26 | Build | House |
| 15:31 | Research | Wheelbarrow |
| 15:51 | Create | Villager (Male) |
| 15:51 | Create | Villager (Male) |
| 15:56 | Build | Farm |
| 15:56 | Build | Farm |
| 15:57 | Build | Farm |
| 15:57 | Build | Farm |
| 15:58 | Build | Farm |
| 16:03 | Build | Archery Range |
| 16:11 | Research | Town Watch |
| 16:41 | Build | Archery Range |
| 16:54 | Build | Blacksmith |
| 16:56 | Create | Villager (Male) |
| 16:57 | Create | Villager (Male) |
| 17:11 | Create | Skirmisher |
| 17:13 | Create | Skirmisher |
| 17:23 | Create | Villager (Male) |
| 17:24 | Create | Villager (Male) |
| 17:36 | Build | Farm |
| 17:46 | Create | Skirmisher |
| 17:46 | Create | Skirmisher |
| 17:52 | Build | Mining Camp |
| 17:57 | Build | Blacksmith |
| 18:00 | Create | Villager (Male) |
| 18:00 | Create | Villager (Male) |
| 18:03 | Create | Skirmisher |
| 18:14 | Build | Farm |
| 18:15 | Create | Skirmisher |
| 18:15 | Create | Skirmisher |
| 18:28 | Create | Skirmisher |
| 18:28 | Create | Skirmisher |
| 18:38 | Create | Villager (Male) |
| 18:38 | Create | Villager (Male) |
| 18:38 | Create | Villager (Male) |
| 18:38 | Create | Villager (Male) |
| 18:45 | Research | Fletching |
| 18:49 | Build | Farm |
| 18:52 | Build | Farm |
| 18:54 | Build | Farm |
| 19:00 | Build | House |
| 19:01 | Build | House |
| 19:02 | Build | House |
| 19:04 | Build | House |
| 19:13 | Build | Farm |
| 19:29 | Build | Farm |
| 19:48 | Create | Skirmisher |
| 19:48 | Create | Skirmisher |
| 19:52 | Research | Padded Archer Armor |
| 19:54 | Create | Villager (Male) |
| 19:54 | Create | Villager (Male) |
| 19:57 | Create | Villager (Male) |
| 20:04 | Build | House |
| 20:04 | Build | House |
| 20:10 | Create | Villager (Male) |
| 20:10 | Create | Villager (Male) |
| 20:13 | Build | Farm |
| 20:22 | Build | House |
| 20:23 | Build | House |
| 20:28 | Create | Skirmisher |
| 20:28 | Create | Skirmisher |
| 20:29 | Create | Skirmisher |
| 20:43 | Build | House |
| 20:45 | Build | House |
| 20:57 | Create | Villager (Male) |
| 20:57 | Create | Villager (Male) |
| 20:57 | Create | Villager (Male) |
| 21:06 | Create | Skirmisher |
| 21:06 | Create | Skirmisher |
| 21:25 | Research | Castle Age |
| 21:30 | Create | Villager (Male) |
| 21:33 | Build | Farm |
| 21:34 | Build | Farm |
Build order — whyUniqueNames
First 150 of 165 actions detected
| 0:02 | Build | House |
| 0:03 | Create | Villager (Male) |
| 0:04 | Create | Villager (Male) |
| 0:04 | Create | Villager (Male) |
| 0:04 | Create | Villager (Male) |
| 0:05 | Build | House |
| 1:26 | Create | Villager (Male) |
| 1:26 | Create | Villager (Male) |
| 2:12 | Build | Lumber Camp |
| 2:15 | Create | Villager (Male) |
| 2:15 | Create | Villager (Male) |
| 2:46 | Create | Villager (Male) |
| 2:46 | Create | Villager (Male) |
| 3:06 | Create | Villager (Male) |
| 3:06 | Create | Villager (Male) |
| 3:47 | Create | Villager (Male) |
| 3:47 | Create | Villager (Male) |
| 3:55 | Build | House |
| 3:56 | Build | House |
| 4:45 | Create | Villager (Male) |
| 5:04 | Create | Villager (Male) |
| 5:04 | Create | Villager (Male) |
| 5:05 | Create | Villager (Male) |
| 5:16 | Create | Villager (Male) |
| 5:24 | Create | Villager (Male) |
| 5:59 | Create | Villager (Male) |
| 6:06 | Build | House |
| 6:08 | Build | House |
| 6:14 | Create | Villager (Male) |
| 6:31 | Create | Villager (Male) |
| 6:59 | Build | Mill |
| 7:35 | Create | Villager (Male) |
| 8:13 | Build | Mill |
| 8:27 | Research | Feudal Age |
| 8:31 | Build | Farm |
| 8:46 | Build | Mining Camp |
| 9:39 | Create | Villager (Male) |
| 9:39 | Create | Villager (Male) |
| 10:20 | Build | House |
| 10:40 | Age | Feudal Age |
| 10:42 | Create | Villager (Male) |
| 10:55 | Build | Stone Wall |
| 11:07 | Create | Villager (Male) |
| 11:08 | Create | Villager (Male) |
| 11:14 | Build | Farm |
| 11:14 | Build | Farm |
| 11:15 | Build | Farm |
| 11:15 | Build | Farm |
| 11:19 | Research | Double-Bit Axe |
| 11:31 | Build | Blacksmith |
| 11:57 | Create | Villager (Male) |
| 11:57 | Create | Villager (Male) |
| 12:05 | Build | Barracks |
| 12:15 | Create | Villager (Male) |
| 12:15 | Create | Villager (Male) |
| 12:30 | Build | Lumber Camp |
| 12:56 | Build | Watch Tower |
| 13:03 | Create | Villager (Male) |
| 13:03 | Create | Villager (Male) |
| 13:11 | Research | Fletching |
| 13:36 | Build | Mining Camp |
| 13:47 | Research | Man-at-Arms (upgrade) |
| 13:48 | Create | Militia |
| 13:48 | Create | Militia |
| 13:48 | Create | Militia |
| 13:58 | Build | Farm |
| 13:59 | Build | Farm |
| 14:02 | Build | Farm |
| 14:07 | Build | Market |
| 14:25 | Create | Villager (Male) |
| 14:25 | Create | Villager (Male) |
| 14:26 | Create | Villager (Male) |
| 15:07 | Build | Watch Tower |
| 15:47 | Create | Villager (Male) |
| 15:47 | Create | Villager (Male) |
| 15:51 | Create | Villager (Male) |
| 15:55 | Build | Farm |
| 16:18 | Build | House |
| 16:50 | Create | Villager (Male) |
| 17:27 | Build | Outpost |
| 18:00 | Build | Watch Tower |
| 18:08 | Build | Farm |
| 18:13 | Build | Farm |
| 18:16 | Build | Farm |
| 18:21 | Build | Farm |
| 18:24 | Build | Farm |
| 18:55 | Create | Villager (Male) |
| 18:58 | Research | Loom |
| 19:04 | Build | Farm |
| 19:08 | Build | House |
| 19:09 | Build | House |
| 19:09 | Build | House |
| 19:19 | Build | Farm |
| 19:27 | Research | Scale Mail Armor |
| 19:28 | Research | Forging |
| 19:38 | Create | Villager (Male) |
| 19:38 | Create | Villager (Male) |
| 19:43 | Build | Farm |
| 19:50 | Build | Farm |
| 20:05 | Create | Villager (Male) |
| 20:06 | Create | Villager (Male) |
| 20:11 | Build | Farm |
| 20:33 | Build | Watch Tower |
| 20:40 | Build | House |
| 20:48 | Create | Villager (Male) |
| 20:50 | Create | Villager (Male) |
| 21:19 | Create | Villager (Male) |
| 22:47 | Build | Farm |
| 22:49 | Build | Farm |
| 22:51 | Build | Farm |
| 23:02 | Build | Watch Tower |
| 23:05 | Create | Villager (Male) |
| 23:05 | Create | Villager (Male) |
| 23:05 | Create | Villager (Male) |
| 23:12 | Build | Farm |
| 23:13 | Build | Farm |
| 23:15 | Build | Farm |
| 23:16 | Build | Farm |
| 24:18 | Research | Castle Age |
| 24:29 | Build | Lumber Camp |
| 24:35 | Build | Farm |
| 24:49 | Create | Villager (Male) |
| 24:50 | Create | Villager (Male) |
| 25:33 | Create | Militia |
| 25:33 | Create | Militia |
| 25:34 | Create | Militia |
| 26:00 | Build | Mining Camp |
| 26:23 | Create | Villager (Male) |
| 27:00 | Age | Castle Age |
| 27:04 | Create | Villager (Male) |
| 27:04 | Create | Villager (Male) |
| 27:14 | Build | Siege Workshop |
| 27:32 | Create | Villager (Male) |
| 27:44 | Research | Bodkin Arrow |
| 28:26 | Build | Castle |
| 28:32 | Create | Villager (Male) |
| 28:32 | Create | Villager (Male) |
| 28:42 | Build | Lumber Camp |
| 29:32 | Create | Villager (Male) |
| 29:32 | Create | Villager (Male) |
| 29:39 | Create | Villager (Male) |
| 29:39 | Create | Villager (Male) |
| 29:43 | Create | Teutonic Knight |
| 29:43 | Create | Teutonic Knight |
| 29:43 | Create | Teutonic Knight |
| 29:46 | Create | Teutonic Knight |
| 29:46 | Create | Teutonic Knight |
| 30:02 | Create | Villager (Male) |
| 30:02 | Create | Villager (Male) |
| 30:07 | Create | Villager (Male) |
Match timeline
| 7:43 | Rey Seba · first_building Barracks |
| 9:01 | Rey Seba · age_up feudal |
| 9:14 | Keega · wall_segment Palisade Wall x25 |
| 9:31 | Keega · age_up feudal |
| 9:33 | Rey Seba · first_building Archery Range |
| 9:48 | Uhtred_of_Bebbamburg · age_up feudal |
| 9:56 | Keega · wall_segment Palisade Wall x22 |
| 10:09 | Uhtred_of_Bebbamburg · first_building Donjon |
| 10:40 | whyUniqueNames · age_up feudal |
| 10:43 | Uhtred_of_Bebbamburg · wall_segment Palisade Wall x1 |
| 10:44 | Uhtred_of_Bebbamburg · wall_segment Palisade Wall x1 |
| 10:45 | Uhtred_of_Bebbamburg · wall_segment Palisade Wall x2 |
| 10:46 | Uhtred_of_Bebbamburg · wall_segment Palisade Wall x1 |
| 10:47 | Uhtred_of_Bebbamburg · wall_segment Palisade Wall x1 |
| 10:55 | whyUniqueNames · wall_segment Stone Wall x15 |
| 11:47 | Rey Seba · first_market_sell 100 stone |
| 12:03 | Uhtred_of_Bebbamburg · first_building Barracks |
| 12:05 | whyUniqueNames · first_building Barracks |
| 13:08 | Rey Seba · wall_segment Palisade Wall x3 |
| 15:02 | Keega · first_building Barracks |
| 16:03 | Keega · first_building Archery Range |
| 19:28 | Uhtred_of_Bebbamburg · first_building Archery Range |
| 20:49 | Rey Seba · first_market_buy 100 food |
| 21:54 | Keega · first_building Stable |
| 21:56 | Uhtred_of_Bebbamburg · wall_segment Stone Wall x14 |
| 21:58 | Uhtred_of_Bebbamburg · wall_segment Stone Wall x8 |
| 22:42 | Rey Seba · wall_segment Palisade Wall x1 |
| 23:53 | Uhtred_of_Bebbamburg · first_building Stable |
| 24:01 | Uhtred_of_Bebbamburg · first_market_buy 100 food |
| 24:09 | Keega · age_up castle |
| 24:13 | whyUniqueNames · first_market_sell 100 stone |
| 24:23 | Rey Seba · age_up castle |
| 24:36 | Rey Seba · first_building Siege Workshop |
| 25:21 | Keega · first_building Monastery |
| 25:46 | Uhtred_of_Bebbamburg · first_market_sell 100 wood |
| 26:53 | Uhtred_of_Bebbamburg · age_up castle |
| 27:00 | whyUniqueNames · age_up castle |
| 27:12 | Uhtred_of_Bebbamburg · wall_segment Palisade Wall x1 |
| 27:14 | whyUniqueNames · first_building Siege Workshop |
| 27:43 | Uhtred_of_Bebbamburg · first_building Siege Workshop |
| 27:45 | Uhtred_of_Bebbamburg · wall_segment Palisade Wall x1 |
| 27:47 | Uhtred_of_Bebbamburg · wall_segment Palisade Wall x1 |
| 28:07 | whyUniqueNames · first_market_buy 100 stone |
| 28:26 | whyUniqueNames · first_building Castle |
| 28:30 | Keega · wall_segment Palisade Wall x2 |
| 28:50 | Rey Seba · first_building Monastery |
| 31:50 | Rey Seba · resign |
| 31:51 | Keega · first_market_buy 100 stone |
[ AI ANALYSIS · 1 CREDIT ]
What really happened in this match?
Wolo.gg analyzes every decision: build order, eco, micro, common mistakes by bracket. Personalized analysis on WhatsApp or Discord in 30 seconds.
Civ guide
Sicilians
Perfil
Jugador #2201130